 Dungeon Crawl Stone Soup version 0.18-a0-1702-gd20c6a5 (webtiles) character file.

25780 dvd the Nimble (level 12, -19/122 HPs)
             Began as a Troll Berserker on Apr 7, 2016.
             Was a High Priest of Trog.
             Demolished by a basilisk (20 damage)
             ... on level 4 of the Lair of Beasts.
             The game lasted 00:54:18 (15265 turns).

dvd the Nimble (Troll Berserker)                   Turns: 15265, Time: 00:54:19

Health: -19/122    AC: 13    Str: 28    XL:     12   Next: 92%
Magic:  11/11      EV: 16    Int:  3    God:    Trog [*****.]
Gold:   756        SH:  0    Dex: 13    Spells: 0 memorised, 11 levels left

rFire  . . .     SeeInvis .     b - +3 flail (drain)
rCold  . . .     Gourm    +     o - +2 robe {Archmagi}
rNeg   + . .     Faith    .     (no shield)
rPois  +         Spirit   .     Q - +2 hat
rElec  .         Dismiss  .     s - +1 cloak
rCorr  .         Reflect  .     (gloves unavailable)
SustAt .         Harm     .     (boots unavailable)
MR     ++...                    X - amulet of regeneration
Stlth  ++........               V - ring of positive energy
                                f - +2 ring of protection

@: regenerating, very resistant to hostile enchantments, unstealthy
A: unfitting armour, claws 3, fast metabolism 3, gourmand, poison resistance,
regeneration 2, shaggy fur 1, tough skin 2
a: Berserk, Trog's Hand, Brothers in Arms, Burn Spellbooks, Renounce Religion


You were on level 4 of the Lair of Beasts.
You worshipped Trog.
Trog was extremely pleased with you.
You were very hungry.

You visited 3 branches of the dungeon, and saw 16 of its levels.

You collected 756 gold pieces.

Inventory:

Hand Weapons
 a - a +2 mace of crushing
 b - a +3 flail of draining (weapon)
 k - a +3 war axe of venom
 r - a +1 whip of electrocution
 v - a +4 hand crossbow of velocity
 x - a +1 shortbow of evasion
 C - a +2 arbalest of flaming
 M - a +1 great mace of freezing
 O - a +2 flail of protection
Missiles
 w - 6 tomahawks (quivered)
 Z - 264 stones
Armour
 o - a +2 robe of the Archmagi (worn)
 s - a +1 cloak (worn)
 Q - a +2 hat (worn)
Jewellery
 f - a +2 ring of protection (left claw)
 q - an uncursed ring of flight
 y - a +4 ring of intelligence
 D - an uncursed ring of positive energy
 J - an uncursed amulet of guardian spirit
 R - an uncursed ring of ice
 T - an uncursed ring of stealth
 V - a ring of positive energy (right claw)
 X - an amulet of regeneration (around neck)
Wands
 g - a wand of random effects (45/48)
 l - a wand of acid (7/15)
 m - a wand of heal wounds (4/9)
 E - a wand of disintegration (9/24)
 G - a wand of digging (13/24)
 I - a wand of iceblast (11/15)
 K - a wand of iceblast (10/15)
 N - a wand of flame (14/48)
 S - a wand of confusion (24/48)
 W - a wand of slowing (14/48)
Scrolls
 d - 7 scrolls of remove curse
 n - 10 scrolls of identify
 p - a scroll of fear
 u - 3 scrolls of magic mapping
 F - a scroll of fog {unknown}
 H - a scroll of recharging
Potions
 e - a potion of cancellation
 t - a potion of flight
 z - 2 potions of curing
Comestibles
 c - 11 bread rations
 h - 18 fruits
 A - 4 meat rations
 B - a slice of pizza
 L - 2 beef jerkies
 P - 7 royal jellies


   Skills:
 + Level 8.4 Fighting
 + Level 0.1(5.9) Axes
 + Level 10.4 Maces & Flails
 + Level 5.1 Throwing
 + Level 12.4 Dodging
 + Level 3.4 Stealth
 + Level 0.5 Evocations


You had 11 spell levels left.
You didn't know any spells.

Dungeon Overview and Level Annotations

Branches:
Dungeon (11/15)            Temple (1/1) D:5            Lair (4/8) D:8
 Spider (0/4) Lair:4          Orc (0/2) D:10
  Swamp: Lair:3-6    Shoals: Lair:3-6

Altars:
Ashenzari
Cheibriados
Dithmenos
Elyvilon
Fedhas
Gozag
Kikubaaqudgha
Makhleb
Nemelex Xobeh
Okawaru
Pakellas
Qazlal
Ru
Sif Muna
Trog
Vehumet
Xom
Yredelemnul
Zin
The Shining One

Shops:
D:7 :(   D:11 %


Innate Abilities, Weirdness & Mutations

You are too large for most types of armour.
You have claws for hands.
Your metabolism is lightning-fast.
You like to eat raw meat.
You heal very quickly.
You are covered in fur (AC +1).
You have very tough skin (AC +2).
Your system is resistant to poisons.


Message History

The basilisk gazes at you. You resist with almost no effort.
You closely miss the basilisk.
Cornered, the worker ant turns to fight!
The basilisk bites you!
* * * LOW HITPOINT WARNING * * *
The rime drake barely misses you.
Unknown command.
You barely miss the basilisk. The basilisk bites you.
* * * LOW HITPOINT WARNING * * *
The rime drake closely misses you.
Unknown command.
Your skin crawls.
You feel resistant to hostile enchantments.
You feel slightly more hungry. The hell hound breathes flames at you.
The blast of flame hits you!
* * * LOW HITPOINT WARNING * * *
The basilisk bites you!!
You die...

+# #.#
######..#
##.##...+####
##(.........H#
#.(...........
#.............
....
#...†k@l..$...
#...
#....h##......
.... #.$.†##
.#### .#..
##..(†# ..
..#.
#.....w.ss#.
#...
#....y.a>....
#...
#....##...#.
#P #.y.##


#klk. ## ###.. .(## #. You could see a hippogriff (fleeing), a basilisk, a rime
drake and a hell hound.

Vanquished Creatures
  Gastronok (D:11)
  Harold (D:11)
  A hydra (Lair:3)
  A centaur warrior (D:11)
  The ghost of ilikecats the Transmogrifier, a novice DrTm of Sif Muna (D:8)
  Nergalle (Lair:3)
  The ghost of azaza322 the Blocker, a novice GrFi of Okawaru (D:7)
  Pikel (D:6)
  An oklob plant (Lair:2)
  An ugly thing (D:11)
  A black mamba (Lair:3)
  A centaur skeleton (D:11)
  A gargoyle (D:11)
  6 spiny frogs
  2 rime drakes
  4 komodo dragons
  3 trolls
  A queen bee (D:8)
  Sigmund (D:2)
  18 yaks
  A vampire (D:11)
  6 basilisks
  Menkaure (D:4)
  5 hippogriffs
  A mottled dragon (D:11)
  Edmund (D:5)
  3 hell hounds
  5 water moccasins
  5 porcupines (Lair:3)
  3 orc warriors
  A black bear (D:8)
  2 ice beasts
  A necrophage (D:11)
  7 ogres
  An eye of draining (D:10)
  A phantom (D:9)
  7 wolves
  4 crocodiles
  5 centaurs
  14 giant frogs
  A wyvern zombie (D:8)
  A wyvern skeleton (D:11)
  4 scorpions
  30 killer bees
  4 wights (D:8)
  3 howler monkeys (D:9)
  5 crimson imps
  3 centaur zombies
  4 jellies
  5 orc wizards
  6 hounds
  5 giant frog skeletons
  3 orc priests
  4 iguanas
  7 worker ants
  19 sheep
  2 hound skeletons
  A hound zombie (D:3)
  A howler monkey zombie (D:7)
  18 adders
  11 gnolls
  23 river rats
  5 shadow imps
  An ooze (D:2)
  2 adder skeletons
  5 worms
  A dart slug (D:3)
  7 giant geckos
  29 orcs
  7 ball pythons (D:2)
  3 giant cockroaches
  14 goblins
  13 hobgoblins
  7 jackals
  9 quokkas
  5 bats
  5 giant newts
  A jackal skeleton (D:8)
  7 kobolds
  2 quokka zombies
  16 rats
  A bush (Lair:2)
  A fungus (D:5)
  A plant (D:5)
424 creatures vanquished.

Vanquished Creatures (collateral kills)
  A black mamba (Lair:4)
  A wyvern (Lair:4)
  A wolf (Lair:4)
3 creatures vanquished.

Vanquished Creatures (others)
  A vampire (D:11)
  2 slaves (D:6)
  A killer bee (D:6)
  2 fungi (Lair:4)
  2 plants (Lair:4)
8 creatures vanquished.

Grand Total: 435 creatures vanquished

Notes
Turn   | Place    | Note
--------------------------------------------------------------
     0 | D:1      | dvd the Troll Berserker began the quest for the Orb.
     0 | D:1      | Reached XP level 1. HP: 22/22 MP: 0/0
   262 | D:1      | Reached XP level 2. HP: 29/29 MP: 1/1
   443 | D:1      | Reached ** piety under Trog
   817 | D:1      | Reached XP level 3. HP: 36/36 MP: 2/2
   990 | D:1      | Reached skill level 3 in Dodging
  1275 | D:2      | Noticed Sigmund
  1287 | D:2      | Killed Sigmund
  1287 | D:2      | Reached skill level 4 in Dodging
  1287 | D:2      | Reached XP level 4. HP: 32/45 MP: 3/3
  1287 | D:2      | Reached XP level 5. HP: 37/53 MP: 4/4
  1365 | D:2      | HP: 2/79 [gnoll/spear (5)]
  1543 | D:2      | Reached XP level 6. HP: 61/61 MP: 5/5
  1884 | D:2      | Reached *** piety under Trog
  2096 | D:3      | Found a faded altar to an unknown god.
  2973 | D:4      | Noticed Menkaure
  2981 | D:4      | Killed Menkaure
  2981 | D:4      | Reached skill level 5 in Dodging
  2981 | D:4      | Reached skill level 1 in Stealth
  2981 | D:4      | Reached XP level 7. HP: 54/67 MP: 6/6
  3135 | D:4      | Found a burning altar of Makhleb.
  3191 | D:4      | Reached **** piety under Trog
  3509 | D:5      | Entered Level 5 of the Dungeon
  3509 | D:5      | Found a blossoming altar of Fedhas.
  3617 | D:5      | Found a sacrificial altar of Ru.
  3655 | D:5      | Found a white marble altar of Elyvilon.
  3656 | D:5      | Found a snail-covered altar of Cheibriados.
  3687 | D:5      | Noticed Edmund
  3701 | D:5      | Killed Edmund
  3701 | D:5      | Reached skill level 6 in Dodging
  3701 | D:5      | Reached XP level 8. HP: 78/78 MP: 7/7
  3710 | D:5      | Found a stormy altar of Qazlal.
  3833 | D:5      | Found a staircase to the Ecumenical Temple.
  3846 | D:5      | Reached skill level 5 in Maces & Flails
  4399 | D:6      | Reached skill level 7 in Dodging
  4515 | D:6      | Reached skill level 5 in Fighting
  4610 | D:6      | Noticed Pikel
  4622 | D:6      | Killed Pikel
  4622 | D:6      | Reached skill level 1 in Throwing
  4622 | D:6      | Reached XP level 9. HP: 81/88 MP: 8/8
  5024 | D:6      | Reached ***** piety under Trog
  5411 | D:6      | Reached skill level 8 in Dodging
  5666 | D:7      | Noticed azaza322's ghost (novice GrFi)
  5674 | D:7      | Killed azaza322's ghost
  5749 | D:7      | Found Hiclaopn's Book Shop.
  5886 | D:7      | Reached XP level 10. HP: 78/98 MP: 7/9
  5961 | D:7      | Noticed a moth of wrath
  5964 | D:7      | Found a bloodstained altar of Trog.
  6181 | D:7      | Received a gift from Trog
  6202 | D:7      | Found a flagged portal.
  6332 | D:7      | Found a shattered altar of Ashenzari.
  6592 | D:7      | Found Ucumaw's Antique Weapon Shoppe.
  6747 | D:8      | Reached skill level 9 in Dodging
  6826 | D:8      | Noticed ilikecats's ghost (novice DrTm)
  6842 | D:8      | Killed ilikecats's ghost
  7245 | D:8      | Found a staircase to the Lair.
  7717 | D:8      | Reached skill level 10 in Dodging
  7819 | D:8      | Gained mutation: Your system is resistant to poisons. [potion of beneficial mutation]
  8439 | Temple   | Entered the Ecumenical Temple
  8581 | D:9      | Found an ancient bone altar of Kikubaaqudgha.
  8688 | D:9      | Reached XP level 11. HP: 37/107 MP: 2/10
  8937 | D:9      | Received a gift from Trog
  9425 | D:10     | Entered Level 10 of the Dungeon
  9966 | D:10     | Found a staircase to the Orcish Mines.
 10008 | D:11     | Noticed Harold
 10026 | D:11     | Killed Harold
 10390 | D:11     | Noticed a white ugly thing
 10404 | D:11     | Killed a white ugly thing
 10504 | D:11     | Found Oshuxucy's Food Boutique.
 10730 | D:11     | Reached skill level 11 in Dodging
 10770 | D:11     | Noticed Gastronok
 10796 | D:11     | Killed Gastronok
 11147 | D:11     | Noticed a centaur warrior
 11162 | D:11     | Killed a centaur warrior
 11420 | Lair:1   | Entered Level 1 of the Lair of Beasts
 11727 | Lair:1   | Reached XP level 12. HP: 107/119 MP: 9/11
 12899 | Lair:2   | Received a gift from Trog
 13207 | Lair:2   | Reached skill level 10 in Maces & Flails
 13910 | Lair:3   | Noticed a five-headed hydra
 13921 | Lair:3   | Killed a five-headed hydra
 13921 | Lair:3   | Reached skill level 12 in Dodging
 14219 | Lair:3   | Noticed Nergalle
 14239 | Lair:3   | Killed Nergalle
 14992 | Lair:4   | Noticed an eight-headed hydra
 15158 | Lair:4   | Found a stormy altar of Qazlal.
 15179 | Lair:4   | Reached skill level 5 in Throwing
 15195 | Lair:4   | Received a gift from Trog
 15230 | Lair:4   | Found a hole to the Spider Nest.
 15265 | Lair:4   | HP: 1/122 [hell hound/blast of flame (15)]
 15265 | Lair:4   | Demolished by a basilisk

Vault maps used:
D:1:      scummos_arrival_simple_crosswalls
D:2:      grunt_ministairs_14, minivault_26, minmay_shallow_snake_nest,
          uniq_sigmund
D:3:      ecumenical_altar_2, first_bread
D:4:      bloody_makhleb, uniq_menkaure
D:5:      lemuel_round_altar, nicolae_qazlal_general_emergency,
          gammafunk_temple_overflow_statue, minmay_temple_entry_junction2,
          fedhas_altar_3, uniq_edmund
D:6:      uniq_pikel
D:7:      kennysheep_mini_moat, tgw_trog, enter_bailey_3, serial_shops,
          kennysheep_little_box, kennysheep_mini
D:8:      minmay_lair_entry_lava, david_nohive_1, st_stairs_4
D:9:      old_standard_altar
D:10:     orc_0_dummy
D:11:     serial_shops, shop, uniq_gastronok, uniq_harold
Temple:   circular_temple_13
Lair:1:   serial_bayou_shore_b
Lair:2:   minmay_lair_oklob_bushes
Lair:3:   cheibrodos_lair_reptile_den, uniq_nergalle
Lair:4:   nicolae_spider_entry_non_spiders, basic_altar, minivault_11, uniq_urug

Skill      XL: |  1  2  3  4  5  6  7  8  9 10 11 12 |
---------------+-------------------------------------+-----
Maces & Flails | 3 4 6 8 9 10 | 10.4
Dodging        | 4 5 6 7 8 10 11 12 | 12.4
Fighting       | 3 4 5 6 7 8 |  8.4
Stealth        | 1 2 3 |  3.4
Throwing       | 1 2 5 |  5.1
Axes           | |  0.1
Evocations     | |  0.5

Action                   |  1- 3 |  4- 6 |  7- 9 | 10-12 || total
-------------------------+-------+-------+-------+-------++-------
Melee: Mace              |   148 |   188 |   131 |    69 ||   536
       Whip              |       |     6 |       |       ||     6
       Flail             |       |       |   165 |   972 ||  1137
       War axe           |       |       |       |    11 ||    11
Throw: Tomahawk          |       |       |     9 |    28 ||    37
       Javelin           |       |       |       |   109 ||   109
       Stone             |       |       |       |    27 ||    27
Invok: Berserk           |     1 |     2 |     7 |    11 ||    21
       Trog's Hand       |       |       |     1 |    13 ||    14
       Brothers in Arms  |       |       |       |     2 ||     2
Evoke: Wand              |       |       |       |     4 ||     4
  Use: Scroll            |       |       |    10 |    12 ||    22
       Potion            |       |       |     2 |    10 ||    12
 Stab: Sleeping          |     1 |       |     1 |     5 ||     7
       Distracted        |       |       |     1 |     1 ||     2
  Eat: Chunk             |    18 |    18 |    31 |    98 ||   165
